 Dungeon Crawl Stone Soup version 0.31-a0-202-g547052bce9 (webtiles) character file.

Game seed: 16037791300686014698

69200 qw the Markself (level 14, -1/90 HPs)
             Began as a Deep Elf Hunter on June 25, 2023.
             Was a Priest of Okawaru.
             Slain by a centaur warrior (3 damage)
             ... on level 13 of the Dungeon.
             The game lasted 00:08:08 (16259 turns).

qw the Markself (Deep Elf Hunter)                  Turns: 16259, Time: 00:08:08

Health: -1/90      AC: 12    Str: 15    XL:     14   Next: 89%
Magic:  23/23      EV: 32    Int: 22    God:    Okawaru [***...]
Gold:   1047       SH:  0    Dex: 24    Spells: 13/13 levels left

rFire   . . .        Y - +3 longbow (flame)
rCold   . . .        (shield currently unavailable)
rNeg    . . .        b - +1 leather armour of Gytt {Drain rPois Str+3 Int+3}
rPois   +            o - +2 hat {Int+3}
rElec   .            q - +1 cloak
rCorr   .            (no gloves)
SInv    .            i - +2 pair of boots
Will    +....        a - amulet of the acrobat
Stlth   ++++         c - +6 ring of dexterity
HPRegen 0.35/turn    p - +4 ring of protection
MPRegen 0.18/turn

%: acrobat
@: about to teleport, heroic, corroded, slowed, very slow
A: no striking features
a: Renounce Religion, Heroism


You were on level 13 of the Dungeon.
You worshipped Okawaru.
Okawaru was most pleased with you.
You visited 3 branches of the dungeon, and saw 19 of its levels.

You collected 1161 gold pieces.
You spent 114 gold pieces at shops.


   Skills:
 - Level 11.0(16.0) Fighting
 - Level 20.0(25.0) Ranged Weapons
 - Level 3.0(8.0) Armour
 + Level 18.0(23.0) Dodging
 - Level 1.2(6.2) Stealth
 - Level 10.0 Invocations


You had 13 spell levels left.
You didn't know any spells.
Your spell library was empty.

Inventory:

Hand Weapons
 Y - a +3 longbow of flaming (weapon)
Armour
 b - the +1 leather armour of Gytt (worn) {Drain rPois Str+3 Int+3}
   (You found it on level 2 of the Dungeon)

   Str:       It affects your strength (+3).
   Int:       It affects your intelligence (+3).
   rPois:     It protects you from poison.
   Drain:     It drains your maximum health when unequipped.
 f - a +0 troll leather armour {Pargi}
 i - a +2 pair of boots (worn)
 o - a +2 hat of intelligence (worn)
 q - a +1 cloak (worn)
Jewellery
 a - an amulet of the acrobat (around neck)
 c - a +6 ring of dexterity (left hand)
 d - a ring of poison resistance
 p - a +4 ring of protection (right hand)
 t - a ring of protection from fire
Scrolls
 g - 10 scrolls of teleportation
 n - 4 scrolls of identify
Potions
 e - 3 potions of enlightenment
 h - a potion of resistance
 j - 4 potions of haste
 k - 2 potions of mutation
 l - 2 potions of magic
 s - 11 potions of curing

Dungeon Overview and Level Annotations

Branches:
Dungeon (13/15)            Temple (1/1) D:6            Lair (5/5) D:11
  Swamp (0/4) Lair:2       Spider (0/4) Lair:2        Slime (0/5) Lair:4
    Orc (0/2) D:11
 Vaults: D:13-14

Altars:
Ashenzari
Cheibriados
Dithmenos
Elyvilon
Fedhas
Gozag
Hepliaklqana
Kikubaaqudgha
Makhleb
Nemelex Xobeh
Okawaru
Qazlal
Ru
Sif Muna
Trog
Uskayaw
Vehumet
Wu Jian
Xom
Yredelemnul
Zin
The Shining One
Jiyva

Shops:
D:2 [   D:4 *

Annotations:
D:11 2 transporters, Texkoz's ghost, journeyman KoHu


Message History

You hear an angry buzzing noise.
The centaur completely misses you. The centaur misses you.
The centaur completely misses you. The centaur misses you.
The acid dragon closely misses you. The acid dragon completely misses you.
The wraith completely misses you. Azrael closely misses you.
You shoot an arrow. The arrow hits Azrael!!
You kill Azrael!
Okawaru accepts your kill. The centaur completely misses you. x2
The acid dragon spits acid at you. The splash of acid hits you!
The acid corrodes you!
The manticore flicks its tail.
The volley of spikes misses you. The wraith completely misses you.
The centaur hits you. The centaur completely misses you.
Your base Fighting skill increases to level 11!
16257 ||| READING 11 scrolls of teleportation.
As you read the scroll of teleportation, it crumbles to dust.
You feel strangely unstable. The centaur misses you.
The centaur completely misses you.
The acid dragon bites you but does no damage.
The acid dragon misses you. The centaur completely misses you.
The centaur closely misses you.
The centaur warrior completely misses you.
The centaur warrior kicks you but does no damage.
The manticore misses you. The manticore completely misses you.
The manticore claws you!
The acid dragon completely misses you. x2
You shoot an arrow. The arrow hits the manticore!!
The arrow burns the manticore.
The manticore is severely wounded.
The centaur closely misses you. x2; The centaur warrior barely misses you.
The centaur warrior completely misses you.
The acid dragon closely misses you. The acid dragon completely misses you.
The manticore misses you. The manticore claws you! The manticore misses you.
You shoot an arrow. The arrow hits the manticore!!
The arrow burns the manticore.
You kill the manticore!
Okawaru accepts your kill. The centaur hits you.
The centaur completely misses you. The centaur warrior hits you.
You die...

<... ....# ....#
.# ....## .#
#...###.#
#......##
#.#....# #cD#...
.#.
......W#@#0#.....
#..}#..#c<..#
#.#....c#%......#
#####..........
#....#[..##
...........
........?...
..#..?..#....
.....<..## ...


You could see a centaur warrior, an acid dragon (catching breath) and 2
centaurs.

Vanquished Creatures
  Gastronok (D:9)
  Azrael (D:13)
  3 hydras
  A boulder beetle (Lair:3)
  4 catoblepae
  A centaur warrior (D:12)
  12 death yaks (Lair:5)
  2 two-headed ogres (D:11)
  Urug (D:10)
  2 lindwurms
  3 cyclopes
  3 ugly things (D:11)
  A deep elf pyromancer (D:12)
  A manticore (shapeshifter) (D:11)
  5 manticores
  38 elephants
  3 black mambas
  A gargoyle (D:10)
  11 cane toads
  2 unseen horrors
  6 komodo dragons
  4 rime drakes
  A tengu conjurer (D:11)
  4 polar bears
  5 trolls
  Grinder (D:5)
  24 blink frogs
  Prince Ribbit (D:5)
  Sigmund (D:3)
  A jumping spider (shapeshifter) (D:12)
  60 yaks
  4 wraiths
  3 basilisks
  5 wyverns
  A fire elemental (D:12)
  7 vampire mosquitoes
  A steam dragon (D:9)
  A redback (Lair:2)
  Menkaure (D:5)
  4 swamp worms (Lair:2)
  3 hell hounds (D:13)
  2 acid dragons (D:11)
  11 water moccasins
  Duvessa (D:5)
  8 orc warriors
  Pargi (D:3)
  A sky beast (D:6)
  10 centaurs
  16 wolves
  2 phantoms (D:5)
  A kobold brigand (D:11)
  10 bullfrogs
  A gnoll sergeant (D:9)
  A scorpion (D:7)
  8 wights
  Dowan (D:5)
  22 killer bees
  3 vampire bats (Lair:3)
  2 electric eels (Lair:1)
  A crimson imp (D:8)
  A howler monkey (D:7)
  A centaur zombie (D:8)
  3 hounds (D:5)
  4 jellies
  5 orc priests
  8 iguanas
  7 orc wizards
  A howler monkey zombie (D:8)
  3 gnolls (D:9)
  9 adders
  4 white imps
  2 ufetubi
  3 worms
  4 dart slugs
  35 orcs
  7 ball pythons
  9 bats
  7 endoplasms
  6 giant cockroaches
  8 hobgoblins
  10 jackals
  9 kobolds
  6 quokkas
  4 frilled lizards
  3 goblins
  A goblin skeleton (D:8)
  2 goblin zombies (D:8)
  4 hobgoblin zombies (D:8)
  2 kobold skeletons (D:8)
  2 kobold zombies (D:8)
  5 rats
511 creatures vanquished.

Notes
Turn   | Place    | Note
-------+----------+-------------------------------------------
     0 | D:1      | qw the Deep Elf Hunter began the quest for the Orb.
     0 | D:1      | Reached XP level 1. HP: 12/12 MP: 3/3
     0 | D:1      | 0 ||| qw: Version: 0.3-a-22-g0ed2b0b
     0 | D:1      | 0 ||| qw: Game counter: 5722
     0 | D:1      | 0 ||| qw: Melee chars always use a shield: true
     0 | D:1      | 0 ||| qw: God list: Okawaru
     0 | D:1      | 0 ||| qw: Allow faded altars: false
     0 | D:1      | 0 ||| qw: Do Orc after clearing Dungeon:15 true
     0 | D:1      | 0 ||| qw: Do second Lair branch before Depths: true
     0 | D:1      | 0 ||| qw: Lair rune preference: random
     0 | D:1      | 0 ||| qw: Goals: Normal
     0 | D:1      | 0 ||| PLANNING D:1-11
    94 | D:1      | Reached XP level 2. HP: 16/16 MP: 4/4
   101 | D:1      | Reached skill level 6 in Ranged Weapons
   311 | D:1      | Reached XP level 3. HP: 20/20 MP: 5/5
   675 | D:1      | 675 ||| UPGRADING to ring of poison resistance.
   676 | D:1      | 676 ||| READING scroll labelled ZUSCHA TOTTIMAASTRE.
   677 | D:1      | 677 ||| READING 3 scrolls labelled OFOWOL ROKU.
   681 | D:1      | 681 ||| DRINKING 2 fuming cyan potions.
   682 | D:1      | 682 ||| DROPPING scroll of butterflies.
   683 | D:1      | 683 ||| DROPPING potion of magic.
   692 | D:2      | 692 ||| STAIRDANCE
   776 | D:2      | Identified the +1 leather armour of Gytt {Drain rPois Str+3
                  | Int+3}
   786 | D:2      | Reached skill level 7 in Ranged Weapons
   786 | D:2      | Found Muuph's Antique Armour Shoppe.
   794 | D:2      | 794 ||| SHOPLISTING pair of gloves (130 gold, have 64).
   794 | D:2      | 794 ||| SHOPLISTING ring mail (116 gold, have 64).
   794 | D:2      | 794 ||| SHOPLISTING scale mail (116 gold, have 64).
  1099 | D:2      | Reached XP level 4. HP: 24/25 MP: 6/6
  1254 | D:2      | 1254 ||| UPGRADING to +1 leather armour of Gytt {Drain
                  | rPois Str+3 Int+3}.
  1264 | D:2      | 1264 ||| REMOVING ring of poison resistance.
  1265 | D:2      | 1265 ||| DROPPING +0 leather armour.
  1266 | D:2      | 1266 ||| UPGRADING to +1 pair of boots.
  1271 | D:2      | 1271 ||| READING scroll labelled EHUWNIACIH.
  1272 | D:2      | 1272 ||| READING scroll labelled COHOSS HONKO.
  1317 | D:2      | 1317 ||| READING scroll labelled FITROJ NAIRIRPH.
  1318 | D:2      | 1318 ||| READING 2 scrolls labelled XETIOM DEARCH.
  1319 | D:2      | 1319 ||| DRINKING 2 emerald potions.
  1528 | D:3      | Reached skill level 8 in Ranged Weapons
  1548 | D:3      | Found a faded altar of an unknown god.
  1794 | D:3      | Noticed Pargi
  1801 | D:3      | Killed Pargi
  1802 | D:3      | Reached XP level 5. HP: 23/29 MP: 7/7
  1889 | D:3      | 1889 ||| DROPPING +0 scale mail.
  1890 | D:3      | 1890 ||| READING scroll labelled FUCECZ EKUSA.
  1891 | D:3      | 1891 ||| READING 2 scrolls of identify.
  1891 | D:3      | 1891 ||| IDENTIFYING cyan potion
  1927 | D:3      | 1927 ||| Stepping ~*~*~tactically~*~*~ (outnumbered).
  2186 | D:3      | Found a white marble altar of Elyvilon.
  2207 | D:3      | Noticed Sigmund
  2223 | D:3      | Killed Sigmund
  2224 | D:3      | Reached skill level 9 in Ranged Weapons
  2224 | D:3      | Reached XP level 6. HP: 21/34 MP: 8/8
  2248 | D:3      | 2248 ||| FLEEEEING.
  2250 | D:3      | 2250 ||| STAIRDANCE
  2272 | D:2      | 2272 ||| READING scroll labelled DEHISO IR OGO.
  2373 | D:2      | 2373 ||| READING 2 scrolls of identify.
  2373 | D:2      | 2373 ||| IDENTIFYING purple potion
  2592 | D:3      | 2592 ||| READING scroll labelled IRIVUO TIRGHI.
  2726 | D:4      | 2726 ||| FLEEEEING.
  2727 | D:4      | 2727 ||| FLEEEEING.
  2728 | D:4      | 2728 ||| FLEEEEING.
  2730 | D:4      | 2730 ||| FLEEEEING.
  2731 | D:4      | Found a hide-covered altar of Uskayaw.
  2737 | D:4      | 2737 ||| FLEEEEING.
  2740 | D:4      | 2740 ||| FLEEEEING.
  2741 | D:4      | 2741 ||| FLEEEEING.
  2792 | D:4      | Found Asalyts's Assorted Antiques.
  2800 | D:4      | 2800 ||| BUYING blue potion (27 gold).
  2800 | D:4      | Bought a blue potion for 27 gold pieces
  2800 | D:4      | 2800 ||| BUYING grey potion (27 gold).
  2800 | D:4      | Bought a grey potion for 27 gold pieces
  2800 | D:4      | 2800 ||| SHOPLISTING pair of gloves (135 gold, have 92).
  2800 | D:4      | 2800 ||| SHOPLISTING potion of cancellation (240 gold, have
                  | 92).
  2800 | D:4      | 2800 ||| SHOPLISTING potion of heal wounds (150 gold, have
                  | 92).
  2800 | D:4      | 2800 ||| BUYING scroll labelled FOWOH GUANI (30 gold).
  2800 | D:4      | Bought a scroll labelled FOWOH GUANI for 30 gold pieces
  2800 | D:4      | 2800 ||| BUYING scroll labelled QUSHRO LIYPT (30 gold).
  2800 | D:4      | Bought a scroll labelled QUSHRO LIYPT for 30 gold pieces
  3096 | D:4      | Found a glowing silver altar of Zin.
  3285 | D:4      | 3285 ||| UPGRADING to +6 ring of dexterity.
  3286 | D:4      | 3286 ||| UPGRADING to +4 ring of protection.
  3287 | D:4      | 3287 ||| READING scroll labelled FOWOH GUANI.
  3288 | D:4      | 3288 ||| READING scroll labelled QUSHRO LIYPT.
  3289 | D:4      | 3289 ||| READING scroll labelled CEDIPL FILULL.
  3290 | D:4      | 3290 ||| READING scroll labelled ZEDOIN XIETWAW.
  3291 | D:4      | 3291 ||| READING 2 scrolls of identify.
  3291 | D:4      | 3291 ||| IDENTIFYING blue potion
  3299 | D:5      | Entered Level 5 of the Dungeon
  3307 | D:5      | Reached skill level 10 in Ranged Weapons
  3307 | D:5      | Reached XP level 7. HP: 35/40 MP: 9/9
  3506 | D:5      | Noticed Menkaure
  3507 | D:5      | Noticed Grinder
  3509 | D:5      | Killed Menkaure
  3510 | D:5      | Reached skill level 11 in Ranged Weapons
  3517 | D:5      | Killed Grinder
  3518 | D:5      | Reached skill level 6 in Dodging
  3518 | D:5      | Reached XP level 8. HP: 44/44 MP: 10/10
  3597 | D:5      | Noticed Prince Ribbit
  3605 | D:5      | Killed Prince Ribbit
  3606 | D:5      | Reached skill level 12 in Ranged Weapons
  3630 | D:5      | Noticed Dowan
  3631 | D:5      | Noticed Duvessa
  3640 | D:5      | Killed Duvessa
  3641 | D:5      | Killed Dowan
  3642 | D:5      | Reached skill level 3 in Fighting
  3784 | D:5      | 3784 ||| DROPPING ring of magical power.
  3785 | D:5      | 3785 ||| READING 2 scrolls of identify.
  3785 | D:5      | 3785 ||| IDENTIFYING ruby potion
  4121 | D:6      | Found a radiant altar of Vehumet.
  4228 | D:6      | Reached skill level 13 in Ranged Weapons
  4232 | D:6      | Found a staircase to the Ecumenical Temple.
  4233 | D:6      | 4233 ||| PLANNING TEMPLE
  4233 | D:6      | 4233 ||| UPGRADING to +0 cloak.
  4238 | D:6      | 4238 ||| READING 2 scrolls of identify.
  4238 | D:6      | 4238 ||| IDENTIFYING grey potion
  4239 | D:6      | 4239 ||| DROPPING potion of brilliance.
  4245 | Temple   | Entered the Ecumenical Temple
  4248 | Temple   | 4248 ||| PLANNING OKAWARU WORSHIP
  4308 | Temple   | Became a worshipper of Warmaster Okawaru
  4309 | Temple   | 4309 ||| PLANNING D:1-11
  4676 | D:6      | 4676 ||| DROPPING amulet of guardian spirit.
  4677 | D:6      | 4677 ||| READING 2 scrolls of identify.
  4677 | D:6      | 4677 ||| IDENTIFYING bubbling blue potion
  4678 | D:6      | 4678 ||| DROPPING potion of attraction.
  4692 | D:7      | Reached skill level 1 in Armour
  4773 | D:7      | 4773 ||| SWAPPING to +0 orcbow.
  4786 | D:7      | 4786 ||| DROPPING +1 shortbow of flaming.
  4887 | D:7      | Reached XP level 9. HP: 50/50 MP: 11/11
  4892 | D:7      | Reached skill level 14 in Ranged Weapons
  4936 | D:7      | 4936 ||| DROPPING +6 ring of intelligence.
  4941 | D:7      | Found a broken altar of Ashenzari.
  4978 | D:7      | Found a snail-covered altar of Cheibriados.
  5137 | D:7      | Reached * piety under Okawaru
  5288 | D:7      | Reached skill level 1 in Invocations
  5585 | D:7      | 5585 ||| DRINKING 2 black potions.
  5617 | D:8      | 5617 ||| INVOKING Heroism.
  5634 | D:8      | Reached skill level 3 in Invocations
  5635 | D:8      | 5635 ||| INVOKING Heroism.
  5707 | D:8      | 5707 ||| SWAPPING to +0 orcbow of freezing.
  5708 | D:8      | 5708 ||| DROPPING +0 orcbow.
  5798 | D:8      | Found a glowing golden altar of the Shining One.
  5879 | D:8      | Found a bloodstained altar of Trog.
  6026 | D:8      | Reached skill level 15 in Ranged Weapons
  6037 | D:8      | Found a basalt altar of Yredelemnul.
  6122 | D:8      | 6122 ||| READING 2 scrolls of identify.
  6122 | D:8      | 6122 ||| IDENTIFYING lumpy green potion
  6123 | D:8      | 6123 ||| DROPPING potion of invisibility.
  6156 | D:9      | 6156 ||| STAIRDANCE
  6159 | D:8      | 6159 ||| INVOKING Heroism.
  6424 | D:9      | 6424 ||| INVOKING Heroism.
  6445 | D:9      | Found a shimmering altar of Xom.
  6486 | D:9      | 6486 ||| INVOKING Heroism.
  6535 | D:9      | Reached XP level 10. HP: 56/56 MP: 15/15
  6552 | D:9      | 6552 ||| INVOKING Heroism.
  6554 | D:9      | Reached skill level 16 in Ranged Weapons
  6563 | D:9      | Reached ** piety under Okawaru
  6566 | D:9      | Reached skill level 9 in Dodging
  6633 | D:9      | Noticed Gastronok
  6634 | D:9      | 6634 ||| INVOKING Heroism.
  6653 | D:9      | 6653 ||| INVOKING Heroism.
  6657 | D:9      | Killed Gastronok
  6657 | D:9      | Reached *** piety under Okawaru
  6966 | D:9      | 6966 ||| UPGRADING to +2 hat of intelligence.
  7003 | D:10     | Entered Level 10 of the Dungeon
  7021 | D:10     | 7021 ||| INVOKING Heroism.
  7061 | D:10     | Reached skill level 6 in Fighting
  7115 | D:10     | 7115 ||| INVOKING Heroism.
  7216 | D:10     | Found a shimmering blue altar of Sif Muna.
  7321 | D:10     | Found an opulent altar of Gozag.
  7374 | D:10     | 7374 ||| DRINKING 2 potions of curing.
  7374 | D:10     | 7374 ||| (to cure confusion)
  7376 | D:10     | 7376 ||| INVOKING Heroism.
  7394 | D:10     | Noticed a gargoyle
  7400 | D:10     | Killed a gargoyle
  7401 | D:10     | Reached XP level 11. HP: 64/64 MP: 16/16
  7451 | D:10     | Noticed Urug
  7452 | D:10     | 7452 ||| INVOKING Heroism.
  7467 | D:10     | Killed Urug
  7583 | D:10     | Reached **** piety under Okawaru
  7757 | D:10     | 7757 ||| READING scroll labelled BAMEAR CEPUG.
  7757 | D:10     | Identified a scroll of acquirement
  7757 | D:10     | 7757 ||| ACQUIRING +1 longbow of flaming
  7757 | D:10     | Acquired a +1 longbow of flaming
  7759 | D:10     | 7759 ||| SWAPPING to +1 longbow of flaming.
  7760 | D:10     | 7760 ||| DROPPING +0 orcbow of freezing.
  7778 | D:11     | Noticed a two-headed ogre
  7782 | D:11     | Noticed Texkoz's ghost (journeyman KoHu)
  7784 | D:11     | 7784 ||| STAIRDANCE
  7794 | D:10     | 7794 ||| INVOKING Heroism.
  7933 | D:11     | Noticed a tengu warrior
  7937 | D:11     | 7937 ||| STAIRDANCE
  7975 | D:11     | Found a bloodstained altar of Trog.
  7982 | D:11     | Found a transporter.
  7997 | D:11     | Found a transporter.
  8029 | D:11     | Noticed a two-headed ogre
  8030 | D:11     | 8030 ||| INVOKING Heroism.
  8034 | D:11     | Killed a two-headed ogre
  8076 | D:11     | Found a staircase to the Lair.
  8077 | D:11     | 8077 ||| INVOKING Heroism.
  8088 | D:11     | 8088 ||| DROPPING ring of willpower.
  8090 | D:11     | 8090 ||| INVOKING Heroism.
  8254 | D:11     | Noticed a green ugly thing
  8260 | D:11     | 8260 ||| INVOKING Heroism.
  8261 | D:11     | Noticed a cyan ugly thing
  8262 | D:11     | Killed a green ugly thing
  8263 | D:11     | Reached skill level 17 in Ranged Weapons
  8266 | D:11     | Reached skill level 6 in Invocations
  8275 | D:11     | 8275 ||| Stepping ~*~*~tactically~*~*~ (outnumbered).
  8282 | D:11     | Killed a cyan ugly thing
  8288 | D:11     | Noticed a two-headed ogre
  8289 | D:11     | 8289 ||| INVOKING Heroism.
  8298 | D:11     | Killed a two-headed ogre
  8321 | D:11     | Reached ***** piety under Okawaru
  8331 | D:11     | 8331 ||| INVOKING Heroism.
  8343 | D:11     | Noticed a green ugly thing
  8349 | D:11     | Killed a green ugly thing
  8349 | D:11     | Received a gift from Okawaru
  8350 | D:11     | Reached skill level 18 in Ranged Weapons
  8375 | D:11     | Reached XP level 12. HP: 70/70 MP: 20/20
  8379 | D:11     | Received a gift from Okawaru
  8407 | D:11     | 8407 ||| INVOKING Heroism.
  8467 | D:11     | 8467 ||| Stepping randomly (disturbance).
  8541 | D:11     | Found a staircase to the Orcish Mines.
  8634 | D:11     | 8634 ||| PLANNING LAIR
  8634 | D:11     | 8634 ||| DROPPING ring of flight.
  8667 | Lair:1   | Entered Level 1 of the Lair of Beasts
  8671 | Lair:1   | 8671 ||| INVOKING Heroism.
  8721 | Lair:1   | Reached skill level 9 in Invocations
  8864 | Lair:1   | 8864 ||| INVOKING Heroism.
  8995 | Lair:1   | 8995 ||| DRINKING potion of cancellation.
  9016 | Lair:1   | 9016 ||| INVOKING Heroism.
  9032 | Lair:1   | Reached skill level 19 in Ranged Weapons
  9056 | Lair:1   | 9056 ||| INVOKING Heroism.
  9303 | Lair:1   | 9303 ||| INVOKING Heroism.
  9303 | Lair:1   | Found a dark tunnel.
  9536 | Lair:1   | 9536 ||| READING scroll labelled BOELOC IC CODA.
  9586 | Lair:2   | 9586 ||| READING scroll of enchant armour.
  9586 | Lair:2   | 9586 ||| ENCHANTING +1 pair of boots.
  9720 | Lair:2   | Reached skill level 20 in Ranged Weapons
  9722 | Lair:2   | Found a hole to the Spider Nest.
  9752 | Lair:2   | 9752 ||| INVOKING Heroism.
  9780 | Lair:2   | Reached skill level 12 in Dodging
  9783 | Lair:2   | Found a staircase to the Swamp.
 10098 | Lair:2   | 10098 ||| INVOKING Heroism.
 10131 | Lair:2   | 10131 ||| INVOKING Heroism.
 10201 | Lair:2   | 10201 ||| Stepping ~*~*~tactically~*~*~ (water).
 10276 | Lair:2   | 10276 ||| INVOKING Heroism.
 10620 | Lair:3   | 10620 ||| INVOKING Heroism.
 10712 | Lair:3   | 10712 ||| INVOKING Heroism.
 10717 | Lair:3   | Reached XP level 13. HP: 76/76 MP: 19/22
 10896 | Lair:3   | 10896 ||| INVOKING Heroism.
 10963 | Lair:3   | 10963 ||| INVOKING Heroism.
 11037 | Lair:3   | Received a gift from Okawaru
 11099 | Lair:3   | 11099 ||| READING 6 scrolls of identify.
 11099 | Lair:3   | 11099 ||| IDENTIFYING red potion
 11127 | Lair:3   | 11127 ||| INVOKING Heroism.
 11253 | Lair:3   | 11253 ||| READING scroll of enchant weapon.
 11253 | Lair:3   | 11253 ||| ENCHANTING +1 longbow of flaming.
 11271 | Lair:3   | Found a frozen archway.
 11272 | Lair:3   | 11272 ||| INVOKING Heroism.
 11701 | Lair:3   | 11701 ||| INVOKING Heroism.
 11868 | Lair:3   | 11868 ||| DROPPING potion of berserk rage.
 11907 | Lair:4   | 11907 ||| INVOKING Heroism.
 12004 | Lair:4   | Found a viscous altar of Jiyva.
 12006 | Lair:4   | Found a staircase to the Slime Pits.
 12136 | Lair:4   | 12136 ||| INVOKING Heroism.
 12144 | Lair:4   | Received a gift from Okawaru
 12145 | Lair:4   | Reached skill level 9 in Fighting
 12356 | Lair:4   | 12356 ||| INVOKING Heroism.
 12369 | Lair:4   | 12369 ||| INVOKING Finesse.
 12372 | Lair:4   | 12372 ||| Stepping ~*~*~tactically~*~*~ (cloud).
 12459 | Lair:4   | 12459 ||| INVOKING Heroism.
 12466 | Lair:4   | Reached skill level 15 in Dodging
 12479 | Lair:4   | HP: 14/80 [elephant (10)]
 12480 | Lair:4   | 12480 ||| READING 11 scrolls of teleportation.
 12481 | Lair:4   | 12481 ||| DRINKING 2 potions of heal wounds.
 12608 | Lair:4   | Received a gift from Okawaru
 12614 | Lair:4   | Reached skill level 3 in Armour
 13002 | Lair:4   | 13002 ||| READING scroll labelled CUTYLL BURU.
 13003 | Lair:4   | 13003 ||| READING 5 scrolls of identify.
 13003 | Lair:4   | 13003 ||| IDENTIFYING murky coppery potion
 13004 | Lair:4   | 13004 ||| DROPPING potion of ambrosia.
 13026 | Lair:5   | Entered Level 5 of the Lair of Beasts
 13031 | Lair:5   | 13031 ||| STAIRDANCE
 13102 | Lair:5   | 13102 ||| STAIRDANCE
 13105 | Lair:4   | 13105 ||| INVOKING Heroism.
 13109 | Lair:4   | Reached XP level 14. HP: 57/86 MP: 20/23
 13128 | Lair:4   | HP: 18/86 [elephant (12)]
 13129 | Lair:4   | 13129 ||| READING 10 scrolls of teleportation.
 13130 | Lair:4   | 13130 ||| DRINKING potion of heal wounds.
 13399 | Lair:5   | 13399 ||| DROPPING ring of protection from cold.
 13946 | Lair:5   | 13946 ||| INVOKING Heroism.
 13947 | Lair:5   | 13947 ||| INVOKING Finesse.
 13991 | Lair:5   | Identified the +1 buckler of Dogmatism {Contam Drain Str+3
                  | Slay+6} (Okawaru gifted it to you on level 5 of the Lair of
                  | Beasts)
 13991 | Lair:5   | Received a gift from Okawaru
 13998 | Lair:5   | 13998 ||| INVOKING Heroism.
 14189 | Lair:5   | 14189 ||| INVOKING Heroism.
 14190 | Lair:5   | 14190 ||| INVOKING Finesse.
 14260 | Lair:5   | 14260 ||| INVOKING Heroism.
 14273 | Lair:5   | 14273 ||| INVOKING Finesse.
 14359 | Lair:5   | 14359 ||| READING scroll of enchant armour.
 14359 | Lair:5   | 14359 ||| ENCHANTING +0 cloak.
 14414 | Lair:5   | 14414 ||| INVOKING Heroism.
 14415 | Lair:5   | 14415 ||| INVOKING Finesse.
 14484 | Lair:5   | 14484 ||| INVOKING Heroism.
 14524 | Lair:5   | 14524 ||| INVOKING Heroism.
 14533 | Lair:5   | Reached skill level 18 in Dodging
 14608 | Lair:5   | 14608 ||| READING scroll of enchant weapon.
 14608 | Lair:5   | 14608 ||| ENCHANTING +2 longbow of flaming.
 14632 | Lair:5   | 14632 ||| INVOKING Heroism.
 14654 | Lair:5   | Identified the +2 flail of Exchange {venom, Stlth+}
 14879 | Lair:5   | 14879 ||| PLANNING D
 14879 | Lair:5   | 14879 ||| DROPPING ring of see invisible.
 15071 | D:12     | 15071 ||| Stepping randomly (disturbance).
 15334 | D:12     | 15334 ||| FLEEEEING.
 15336 | D:12     | 15336 ||| FLEEEEING.
 15338 | D:12     | 15338 ||| FLEEEEING.
 15339 | D:12     | 15339 ||| FLEEEEING.
 15768 | D:12     | 15768 ||| UPGRADING to amulet of the acrobat.
 15773 | D:12     | 15773 ||| READING 5 scrolls of identify.
 15773 | D:12     | 15773 ||| IDENTIFYING inky potion
 15783 | D:13     | 15783 ||| STAIRDANCE
 15783 | D:13     | Noticed Azrael
 15813 | D:13     | 15813 ||| STAIRDANCE
 15815 | D:12     | 15815 ||| INVOKING Heroism.
 15816 | D:12     | HP: 17/88 [centaur warrior (8)]
 15817 | D:12     | 15817 ||| READING 12 scrolls of teleportation.
 15818 | D:12     | HP: 6/88 [fire elemental[Azrael] (9)]
 16090 | D:13     | 16090 ||| INVOKING Heroism.
 16096 | D:13     | 16096 ||| STAIRDANCE
 16231 | D:13     | 16231 ||| INVOKING Heroism.
 16240 | D:13     | 16240 ||| Stepping ~*~*~tactically~*~*~ (outnumbered).
 16242 | D:13     | 16242 ||| Stepping ~*~*~tactically~*~*~ (outnumbered).
 16243 | D:13     | 16243 ||| Stepping ~*~*~tactically~*~*~ (outnumbered).
 16251 | D:13     | 16251 ||| Stepping ~*~*~tactically~*~*~ (outnumbered).
 16256 | D:13     | Killed Azrael
 16256 | D:13     | HP: 21/88 [acid dragon/splash of acid (17)]
 16257 | D:13     | 16257 ||| READING 11 scrolls of teleportation.
 16258 | D:13     | HP: 4/90 [manticore (9)]
 16259 | D:13     | Slain by a centaur warrior

Levels and vault maps discovered:
D:1:      dpeg_arrival_stonehenge_12_columns, layout_basic, minmay_bisected
D:2:      layout_rooms, serial_shops, shop, st_stairs_11
D:3:      minmay_inner_zag, layout_basic, elyvilon_altar_1,
          nicolae_ecumenical_snake_handling, minmay_misc_feat_rugged,
          hex_medium, uniq_sigmund, uniq_pargi
D:4:      layout_loops_cross, nicolae_uskayaw_dance_hall, zin_treasury,
          serial_aquarium, aquarium_bridge_square [aquarium_subvault_window,
          aquarium_subvault_window, aquarium_subvault_bridge,
          aquarium_subvault_window], aquarium_window_corridor_1,
          aquarium_window_corner, aquarium_view_2d, aquarium_view_2b,
          aquarium_balcony_double_2, aquarium_pool_five, nicolae_stop_n_shop_1
D:5:      layout_gridville, minmay_checkerbox, uniq_grinder, uniq_menkaure,
          uniq_prince_ribbit1, uniq_duvessa
D:6:      layout_basic, mainiacjoe_overflow_24_doors, minmay_temple_entry_waves
D:7:      layout_loops_ring, nicolae_ashenzari_skybound, lemuel_tele_altar,
          kennysheep_potato
D:8:      layout_rooms, lemuel_zombie_altar_yredelemnul, bloody_trog,
          nicolae_tso_besieged_by_evil
D:9:      layout_roguey, mainiacjoe_overflow_alcove_4, grunt_ministairs_4,
          uniq_gastronok
D:10:     layout_loops_ring, kennysheep_little_box,
          mainiacjoe_overflow_chevrons, uniq_urug
D:11:     cheibrodos_fzero, layout_gridville, david_lair_shrubbed, david_orc_5,
          gammafunk_ghost_wrathful_warriors, corexii_corridor_pit
D:12:     layout_loops_ring
D:13:     layout_rooms, onia_ninara_dug_in_and_dangerous, uniq_azrael
Temple:   eino_wide_crystal_templ
Lair:1:   layout_small_grid, nicolae_volcano_entry_vermiform,
          nicolae_quartered_pool_medium, serial_bayou_shore_a
Lair:2:   layout_cave_pods, minmay_swamp_entry_swarm, spider_nest_entry_webs,
          worms_lemuel, infiniplex_staircase_pool_2
Lair:3:   layout_hall_layers, portal_ice_cave_rime, minivault_26,
          roderic_batcave, hangedman_lair_unloving_vines, nicolae_lair_lil_pond,
          nicolae_lair_grazing_beasts [nicolae_sub_lair_graze_edge,
          nicolae_sub_lair_graze_edge, nicolae_sub_lair_graze_edge,
          nicolae_sub_lair_graze_edge], serial_bayou_shore_b
Lair:4:   layout_gridlike, slime_entry_1
Lair:5:   evilmike_catoblepas_cave, layout_regular_city, grunt_megastairs_5,
          serial_bayou_shore_b

Skill      XL: |  1  2  3  4  5  6  7  8  9 10 11 12 13 14 |
---------------+-------------------------------------------+-----
Ranged Weapons | 6 7 8 9 10 11 13 15 16 18 20 | 20.0
Dodging        | 4 6 8 11 12 15 18 | 18.0
Fighting       | 2 3 4 6 7 9 11 | 11.0
Armour         | 1 2 3 |  3.0
Invocations    | 4 8 10 | 10.0
Stealth        | |  1.2

Action                     |  1- 3 |  4- 6 |  7- 9 | 10-12 | 13-15 || total
---------------------------+-------+-------+-------+-------+-------++-------
   Fire: Shortbow          |   114 |   160 |   131 |       |       ||   405
         Orcbow            |       |       |   202 |   180 |       ||   382
         Longbow           |       |       |       |   415 |   744 ||  1159
 Invoke: Heroism           |       |       |     5 |    26 |    21 ||    52
         Finesse           |       |       |       |       |     5 ||     5
    Use: Scroll            |     2 |    14 |     4 |     3 |    11 ||    34
         Potion            |     1 |     1 |     1 |     2 |     2 ||     7
 Armour: Leather armour    |    11 |    12 |    29 |    63 |   103 ||   218
  Dodge: Dodged            |    30 |    20 |   116 |   272 |   641 ||  1079

Table legend:
 A = Non-vault XP
 B = Vault XP
 C = Vault XP percentage of total XP
 D = Non-vault monster count
 E = Vault monster count
 F = Vault count percentage of total count
                 A         B        C        D         E       F
            +---------+---------+-------+---------+---------+-------
      Total |   63641 |   35548 |  35.8 |     351 |     160 |  31.3
            +---------+---------+-------+---------+---------+-------
        D:1 |      56 |       2 |   3.4 |      24 |       2 |   7.7
        D:2 |      33 |      16 |  32.7 |      11 |       3 |  21.4
        D:3 |      62 |     418 |  87.1 |      20 |      13 |  39.4
        D:4 |     120 |       0 |   0.0 |      14 |       0 |   0.0
        D:5 |     340 |    1092 |  76.3 |      12 |       9 |  42.9
        D:6 |     271 |       0 |   0.0 |       5 |       0 |   0.0
        D:7 |    1279 |     122 |   8.7 |      22 |       4 |  15.4
        D:8 |     454 |     301 |  39.9 |      11 |      17 |  60.7
        D:9 |    2800 |    1658 |  37.2 |      25 |       3 |  10.7
       D:10 |    3487 |     782 |  18.3 |      30 |       1 |   3.2
       D:11 |    2205 |    7727 |  77.8 |      12 |      39 |  76.5
       D:12 |    4094 |     192 |   4.5 |      11 |       1 |   8.3
       D:13 |    1652 |    1417 |  46.2 |       4 |       4 |  50.0
     Lair:1 |    6798 |     621 |   8.4 |      32 |       1 |   3.0
     Lair:2 |    3458 |    1902 |  35.5 |      14 |      11 |  44.0
     Lair:3 |    9511 |    3255 |  25.5 |      31 |      16 |  34.0
     Lair:4 |   14805 |    3098 |  17.3 |      40 |       7 |  14.9
     Lair:5 |   12216 |   12945 |  51.4 |      33 |      29 |  46.8
            +---------+---------+-------+---------+---------+-------
